 Dungeon Crawl Stone Soup version 0.15.0-31-geb66e34 (console) character file.

5584 gw the Basher (level 10, -14/92 HPs)
             Began as a Deep Dwarf Gladiator on Sept 13, 2014.
             Was an Elder of Makhleb.
             Demolished by Urug
             ... wielding a +0 bardiche
              (25 damage)
             ... on Level 10 of the Dungeon.
             The game lasted 00:07:50 (8286 turns).

gw the Basher (Deep Dwarf Gladiator)                Turns: 8286, Time: 00:07:50

HP -14/92        AC 16     Str 24      XL: 10   Next: 45%
MP  19/19        EV  7     Int  8      God: Makhleb [****..]
Gold 0           SH  0     Dex 16      Spells:  0 memorised,  9 levels left

rFire  . . .     SeeInvis .     a - +0 great mace
rCold  . . .     Clarity  .     y - +0 plate armour
rNeg   . . .     rCorr    .     (no shield)
rPois  .         rRot     .     c - +0 helmet
rElec  .         Spirit   .     (no cloak)
SustAb .         Warding  .     (no gloves)
rMut   .         Stasis   .     C - +0 pair of boots
Gourm  .                        v - amulet of faith
MR     +....                    (no ring)
                                x - +4 ring of strength

@: lethally poisoned, weakened, non-regenerating, slowed, very slow, somewhat
resistant to hostile enchantments, extremely unstealthy
A: damage resistance, recharge devices, sense surroundings 2, slow healing 3
a: Device Recharging, Minor Destruction, Lesser Servant of Makhleb, Major
Destruction, Renounce Religion


You were on level 10 of the Dungeon.
You worshipped Makhleb.
Makhleb was greatly pleased with you.
You were very hungry.

You visited 2 branches of the dungeon, and saw 11 of its levels.

Inventory:

Hand weapons
 a - a +0 great mace (weapon)
Missiles
 d - 3 throwing nets
 g - 17 poisoned bolts
 j - 23 bolts of penetration
 k - 60 bolts
 w - 13 steel bolts
Armour
 c - a +0 helmet (worn)
 y - a +0 plate armour (worn)
 C - a +0 pair of boots (worn)
Magical devices
 b - a wand of cold (3)
 e - a wand of heal wounds (2)
 n - a wand of disintegration (8)
 p - a wand of paralysis (10)
 z - a wand of flame (6)
 A - a wand of digging (9)
 B - a wand of fire (9)
Comestibles
 f - 4 bread rations
 h - a beef jerky
 i - a slice of pizza
Scrolls
 o - 8 scrolls of remove curse
 r - 6 scrolls of identify
Jewellery
 v - an amulet of faith (around neck)
 x - a +4 ring of strength (left hand)
Potions
 l - a potion of invisibility
 q - a potion of resistance
 t - 3 potions of curing
 u - a potion of agility


   Skills:
 + Level 6.7 Fighting
 * Level 10.7 Maces & Flails
 - Level 1.7 Throwing
 + Level 7.7 Armour
 - Level 3.2 Dodging
 + Level 8.1 Invocations


You had 9 spell levels left.
You didn't know any spells.

Dungeon Overview and Level Annotations

Branches:
Dungeon (10/15)            Temple (1/1) D:4             Orc (0/4) D:10
   Lair: D:8-11

Altars:
Ashenzari
Cheibriados
Dithmenos
Elyvilon
Fedhas
Kikubaaqudgha
Makhleb
Nemelex Xobeh
Okawaru
Qazlal
Sif Muna
Trog
Vehumet
Xom
Yredelemnul
Zin
The Shining One

Shops:
D:5 :   D:6 =[*[

Annotations:
D:10 Gastronok, Sonja, Urug


Innate Abilities, Weirdness & Mutations

You are resistant to damage.
You can recharge devices by infusing magical energy.
You passively map the area around you.
You do not heal naturally.


Message History

The orange demon hits you but does no damage.
Your green death closely misses Urug.
Urug hits you from afar with a bardiche!!
Read which item? (? for menu, Esc to quit)
Charge which item? (? for menu, Esc to quit)
As you read the scroll of recharging, it crumbles to dust.
Your wand of heal wounds (0) glows for a moment and now has 2 charges.
You feel very sick. The orange demon stings you.
You are more poisoned.
The orange demon poisons you!
You feel as though you will be weak longer.
The orange demon hits you but does no damage.
Your green death gestures at Urug.
The blast of poison hits Urug.
Your green death hits Urug!
The orange demon stings you but does no damage.
The orange demon hits you but does no damage.
Urug is engulfed in poison gas.
Urug is poisoned.
Urug hits you from afar with a bardiche!!
You die...

......# #........# *
......# #........# * +,
......# ####........# ,
,
......####..'........#
......#....##.......¤+,
[.......#####.....¤¤¤#
, .....>### #...2o¤¤¤#
...(..# ##...3.$¤¤# ,
>.....# ##....g4.¤¤# *
#.#.#######..#r####.##
* *
.............r....... ,
...........K##......, ,
......##....##....## ,
......##..........# ,
.##................ ,,,
, , .##....w..........,
, ..............?.. *


You could see Urug, an orange demon, Sonja, a quokka, a rat, a friendly green
death and a friendly smoke demon.

Table legend:
 A = Turns spent in this place as a percentage of turns spent in the entire game.
 B = Non-inter-level travel turns spent in this place as a percentage of non-inter-level travel turns spent in the entire game.
 C = Inter-level travel turns spent in this place as a percentage of turns spent in this place.
 D = Turns resting spent in this place as a percentage of non-inter-level travel turns spent in this place.
 E = Turns spent auto-exploring this place as a percentage of non-inter-level travel turns spent in this place.
 F = Non-inter-level travel turns spent in this place divided by the number of levels of this place that you've seen.
                   A       B       C       D       E      F
               +-------+-------+-------+-------+-------+----------------------
         Total | 100.0 | 100.0 |   1.3 |   0.1 |  11.4 | 385.5
       Dungeon |  98.3 |  98.3 |   1.3 |   0.1 |  11.4 | 417.1
        Temple |   1.7 |   1.7 |   1.4 |   2.9 |  15.7 |  70.0
               +-------+-------+-------+-------+-------+----------------------

Table legend:
 A = Kills in this place as a percentage of kills in entire the game.
 B = Kills by you in this place as a percentage of kills by you in the entire game.
 C = Kills by friends in this place as a percentage of kills by friends in the entire game.
 D = Other kills in this place as a percentage of other kills in the entire game.
 E = Experience gained in this place as a percentage of experience gained in the entire game.
 F = Experience gained in this place divided by the number of levels of this place that you have seen.
                   A       B       C       D       E      F
               +-------+-------+-------+-------+-------+----------------------
         Total | 100.0 | 100.0 | 100.0 | 100.0 | 100.0 | 725.3
       Dungeon | 100.0 | 100.0 | 100.0 | 100.0 | 100.0 | 797.8
               +-------+-------+-------+-------+-------+----------------------

Vanquished Creatures
  The ghost of zureal the Chopper, an experienced HOFi of Beogh (D:5)
  Psyche (D:8)
  A two-headed ogre (D:6)
  Prince Ribbit (D:8)
  A wyvern (D:8)
  A hippogriff (D:9)
  Edmund (D:9)
  A warg (D:10)
  A black bear (D:7)
  A sky beast (D:8)
  4 ogres
  A phantom (D:5)
  A centaur (D:8)
  6 giant frogs
  2 scorpions
  2 troll zombies (D:9)
  A hippogriff zombie (D:8)
  4 wights (D:8)
  A hippogriff skeleton (D:9)
  3 crimson imps
  The ghost of tedric the Chopper, a weakling VSBe of Trog (D:4)
  The ghost of tedric the Chopper, a weakling VSBe of Trog (D:3)
  2 goliath beetles (D:6)
  A giant frog zombie (D:9)
  5 jellies
  A centaur zombie (D:7)
  A quasit (D:8)
  A giant frog skeleton (D:6)
  4 worker ants
  4 iguanas
  3 orc priests
  6 orc wizards
  A black bear skeleton (D:9)
  An ogre skeleton (D:8)
  Terence (D:2)
  2 hound skeletons
  3 gnolls (D:5)
  11 adders
  4 shadow imps
  A giant mite (D:8)
  2 worms (D:4)
  An adder zombie (D:9)
  An iguana skeleton (D:10)
  2 orc skeletons
  7 giant geckos
  An ooze (D:3)
  17 orcs
  4 ball pythons
  12 bats
  7 giant cockroaches
  15 goblins
  13 hobgoblins
  2 jackals (D:4)
  6 quokkas
  5 giant newts
  13 kobolds
  3 orc zombies
  12 rats
  A rat skeleton (D:5)
  4 ballistomycetes (D:9)
217 creatures vanquished.

Vanquished Creatures (collateral kills)
  Erolcha (D:8)
  A two-headed ogre (D:9)
  A wyvern (D:9)
  A warg (D:10)
  2 ogres
  An orc warrior (D:8)
  A centaur (D:9)
  A giant frog (D:7)
  A wight (D:8)
  A crimson imp (D:8)
  2 orc wizards (D:10)
  A worker ant zombie (D:9)
  11 orcs
  A hobgoblin (D:10)
  A bat (D:10)
27 creatures vanquished.

Vanquished Creatures (others)
  2 ynoxinuls
  A hippogriff (D:9)
  An iguana (D:9)
  An orc wizard (D:10)
  A giant spore (D:9)
6 creatures vanquished.

Grand Total: 250 creatures vanquished

Notes
Turn   | Place    | Note
--------------------------------------------------------------
     0 | D:1      | gw, the Deep Dwarf Gladiator, began the quest for the Orb.
     0 | D:1      | Reached XP level 1. HP: 19/19 MP: 1/1
   187 | D:1      | Reached skill level 1 in Armour
   187 | D:1      | Reached XP level 2. HP: 26/26 MP: 2/2
   753 | D:2      | Reached XP level 3. HP: 20/32 MP: 3/3
   796 | D:2      | Found a bloodstained altar of Trog.
   952 | D:2      | Reached skill level 4 in Maces & Flails
   981 | D:2      | Noticed Terence
   993 | D:2      | Killed Terence
   993 | D:2      | Reached XP level 4. HP: 24/39 MP: 4/4
  1955 | D:3      | Noticed tedric's ghost (weakling VSBe)
  1971 | D:3      | Killed tedric's ghost
  1971 | D:3      | Reached XP level 5. HP: 36/46 MP: 5/5
  2488 | D:3      | Found a deep blue altar of Sif Muna.
  2723 | D:4      | Reached skill level 5 in Maces & Flails
  2846 | D:4      | Noticed tedric's ghost (weakling VSBe)
  2851 | D:4      | Killed tedric's ghost
  3025 | D:4      | Reached XP level 6. HP: 25/56 MP: 6/6
  3127 | D:4      | Found a staircase to the Ecumenical Temple.
  3133 | Temple   | Entered the Ecumenical Temple
  3230 | Temple   | Became a worshipper of Makhleb the Destroyer
  3477 | D:4      | Noticed an ogre
  3487 | D:4      | Killed an ogre
  3487 | D:4      | Reached skill level 1 in Invocations
  3808 | D:5      | Entered Level 5 of the Dungeon
  3884 | D:5      | Acquired Makhleb's first power
  3887 | D:5      | Found a blossoming altar of Fedhas.
  3946 | D:5      | Reached skill level 6 in Maces & Flails
  3978 | D:5      | Reached XP level 7. HP: 48/62 MP: 9/9
  3990 | D:5      | Found Smajyl's Book Boutique.
  4012 | D:5      | Found a shimmering altar of Xom.
  4014 | D:5      | Found a shimmering altar of Xom.
  4015 | D:5      | Found a shimmering altar of Xom.
  4226 | D:5      | Noticed zureal's ghost (experienced HOFi)
  4232 | D:5      | Acquired Makhleb's second power
  4271 | D:5      | Killed zureal's ghost
  4271 | D:5      | Reached skill level 7 in Maces & Flails
  4271 | D:5      | Reached XP level 8. HP: 28/72 MP: 11/13
  4272 | D:5      | Found a snail-covered altar of Cheibriados.
  4520 | D:6      | Found Mnaleg's Antique Armour Shoppe.
  4607 | D:6      | Found Qitu Chi's Assorted Antiques.
  4651 | D:6      | Noticed a two-headed ogre
  4659 | D:6      | Killed a two-headed ogre
  4659 | D:6      | Reached skill level 5 in Armour
  4662 | D:6      | Found Ubeamp's Armour Shop.
  4906 | D:6      | Reached skill level 8 in Maces & Flails
  4976 | D:6      | Reached skill level 5 in Invocations
  4990 | D:6      | Found Otuettot's Jewellery Emporium.
  5093 | D:6      | Acquired Makhleb's third power
  5798 | D:7      | Found a white marble altar of Elyvilon.
  5900 | D:7      | Acquired Makhleb's fourth power
  6111 | D:7      | Reached skill level 5 in Fighting
  6111 | D:7      | Gained mutation: You passively map the area around you. [level up]
  6111 | D:7      | Reached XP level 9. HP: 40/81 MP: 17/17
  6460 | D:8      | Found a shattered altar of Ashenzari.
  6526 | D:8      | Noticed Psyche
  6532 | D:8      | Killed Psyche
  6532 | D:8      | Reached skill level 9 in Maces & Flails
  6625 | D:8      | Noticed Prince Ribbit
  6634 | D:8      | Killed Prince Ribbit
  6644 | D:8      | Found a glowing silver altar of Zin.
  7171 | D:8      | Noticed Erolcha
  7197 | D:8      | Killed Erolcha
  7197 | D:8      | Reached skill level 10 in Maces & Flails
  7197 | D:8      | Reached XP level 10. HP: 39/91 MP: 19/21
  7826 | D:9      | Found a sparkling altar of Nemelex Xobeh.
  7850 | D:9      | Noticed Edmund
  7864 | D:9      | Killed Edmund
  8034 | D:10     | Entered Level 10 of the Dungeon
  8087 | D:10     | Acquired Makhleb's fifth power
  8173 | D:10     | Found a staircase to the Orcish Mines.
  8263 | D:10     | Noticed Sonja
  8275 | D:10     | Noticed Gastronok
  8277 | D:10     | Noticed Urug
  8286 | D:10     | Demolished by Urug

Action                   |  1- 3 |  4- 6 |  7- 9 | 10-12 || total
-------------------------+-------+-------+-------+-------++-------
Melee: Flail             |   131 |   219 |   346 |    69 ||   765
       Great mace        |       |       |       |    37 ||    37
Invok: Minor Destruction |       |       |   104 |    49 ||   153
       Lesser Servant of |       |       |     3 |     6 ||     9
       Greater Servant o |       |       |       |     1 ||     1
 Abil: Device Recharging |       |       |       |     2 ||     2
Evoke: Wand              |     1 |     3 |    17 |    17 ||    38
  Use: Scroll            |     5 |     4 |     6 |     5 ||    20
       Potion            |     1 |     9 |     6 |     1 ||    17
  Eat: Chunk             |     1 |    10 |    10 |     5 ||    26
       Bread ration      |       |       |     1 |       ||     1

Vault maps used:
D:1:      tarquinn_simple_flora_water_e
D:2:      lemuel_crystal_altar, kennysheep_nub, uniq_terence
D:3:      led_sif_pool, first_bread
D:4:      minmay_temple_entry_hall, grunt_ministairs_5
D:5:      xom_redecorated, cheibriados_altar_1, fedhas_altar_2, serial_shops,
          nicolae_shop_trees
D:6:      serial_shops, shop, shop_fountains, nicolae_shop_overgrown_old_shop,
          shop, hangedman_abyss_or_decor_lesser_grid, kennysheep_generic_room_3
D:7:      old_standard_altar
D:8:      minmay_klotski, kennysheep_little_box, old_standard_altar,
          uniq_psyche, uniq_erolcha, uniq_prince_ribbit1
D:9:      lemuel_doored_altar, uniq_edmund
D:10:     erik_orc_4, uniq_sonja, uniq_urug, uniq_gastronok
Temple:   nicolae_temple_figure_zero
